 Dungeon Crawl Stone Soup version 0.19.1 (webtiles) character file.

345 Ice the Covered (level 6, -2/56 HPs)
             Began as a Minotaur Berserker on Dec 5, 2016.
             Was a Believer of Trog.
             Killed by divine providence
             ... invoked by an orc priest
              (15 damage)
             ... on level 3 of the Dungeon.
             The game lasted 00:16:48 (2403 turns).

Ice the Covered (Minotaur Berserker)                Turns: 2403, Time: 00:16:49

Health: -2/56      AC: 12    Str: 21    XL:     6   Next: 32%
Magic:  5/5        EV:  9    Int:  4    God:    Trog [**....]
Gold:   176        SH:  0    Dex: 12    Spells: 0 memorised, 5 levels left

rFire  . . .     SeeInvis .     t - +2 trident (pierce)
rCold  . . .     Gourm    .     o - +0 plate armour
rNeg   . . .     Faith    .     (no shield)
rPois  .         Spirit   .     (helmet restricted)
rElec  .         Reflect  .     (no cloak)
rCorr  .         Harm     .     (no gloves)
MR     ++...                    (no boots)
Stlth  ..........               (no amulet)
                                (no ring)
                                a - +1 ring of evasion

@: very slightly contaminated, regenerating, hasted, very quick
A: retaliatory headbutt, horns 2
a: Berserk, Trog's Hand, Burn Spellbooks, Renounce Religion


You were on level 3 of the Dungeon.
You worshipped Trog.
Trog was pleased with you.
You were hungry.

You visited 1 branch of the dungeon, and saw 3 of its levels.

You collected 176 gold pieces.

Inventory:

Hand Weapons
 e - a +0 dagger
 s - a +0 hunting sling
 t - a +2 trident of piercing (weapon)
Missiles
 c - 125 stones (quivered)
 l - 28 bolts
 p - 24 arrows
 w - 2 throwing nets
Armour
 o - a +0 plate armour (worn)
Jewellery
 a - a +1 ring of evasion (left hand)
Wands
 r - a wand of flame (20/48)
Scrolls
 i - 2 scrolls of immolation
 k - a scroll of teleportation {unknown}
 v - a scroll of enchant weapon {unknown}
Potions
 h - a potion of flight
 u - a potion of might {unknown}
Comestibles
 b - 3 bread rations
 d - a royal jelly
 f - a meat ration
 j - 2 beef jerkies
 n - 6 chunks of flesh


   Skills:
 - Level 5.0 Fighting
 - Level 5.1 Armour
 - Level 5.0 Dodging
 + Level 1.0 Stealth
 - Level 3.2 Unarmed Combat


You had 5 spell levels left.
You didn't know any spells.

Dungeon Overview and Level Annotations

Branches:
Dungeon (3/15)

Altars:
Sif Muna
Uskayaw
Xom
Beogh


Innate Abilities, Weirdness & Mutations

You reflexively headbutt those who attack you in melee.
You have a pair of horns on your head.


Message History

The orc priest looks satisfied for a moment.
The orc wizard hits you with a dagger.
The orc wizard gestures at you while chanting.
The magic dart hits you!
The orc wizard hits you but does no damage.
The orc priest invokes the aid of Beogh against you.
Beogh smites you!
* * * LOW HITPOINT WARNING * * *
The orc wizard closely misses you.
You feel better. The orc wizard hits you with a dagger.
* * * LOW HITPOINT WARNING * * *
You feel yourself speed up.
The orc wizard hits you but does no damage.
The orc priest hits you but does no damage.
You are very lightly contaminated with residual magic.
The orc wizard gestures wildly while chanting.
The orc wizard blinks!
The orc priest invokes the aid of Beogh against you.
Beogh smites you!
You die...

### ##### ..##
##...########
...###.8.8.#.....#
#....#_...)).....#
##.g.#.8.8.#(....#
#...##...##....(#
##....#####...o..###
#...............o§.###
#..............o@....#
................######
...###.....###### .###
#..##.# . #...##.#
#...###.. #.### ##..


You could see 2 orc priests and an orc wizard.

Vanquished Creatures
  The ghost of Bopaloobop the Covered, an amateur HuFi (D:3)
  An orc wizard (D:3)
  Terence (D:2)
  A worker ant (D:3)
  Robin (D:2)
  3 adders
  6 gnolls
  2 dart slugs (D:1)
  2 leopard geckos
  3 orcs (D:3)
  4 bats
  A giant cockroach (D:3)
  19 goblins
  9 hobgoblins
  11 jackals
  6 kobolds
  A quokka (D:3)
  3 frilled lizards
  4 rats
79 creatures vanquished.

Notes
Turn   | Place    | Note
-------+----------+-------------------------------------------
     0 | D:1      | Ice the Minotaur Berserker began the quest for the Orb.
     0 | D:1      | Reached XP level 1. HP: 19/19 MP: 0/0
   260 | D:1      | Reached XP level 2. HP: 19/28 MP: 1/1
   668 | D:1      | Reached skill level 5 in Fighting
   696 | D:1      | Reached XP level 3. HP: 31/36 MP: 2/2
  1086 | D:2      | Found a faded altar of an unknown god.
  1154 | D:1      | Reached XP level 4. HP: 7/42 MP: 3/3
  1626 | D:2      | Found a deep blue altar of Sif Muna.
  1705 | D:2      | Noticed Terence
  1722 | D:2      | Killed Terence
  1723 | D:2      | Reached ** piety under Trog
  1905 | D:2      | Reached XP level 5. HP: 48/48 MP: 4/4
  1917 | D:2      | Noticed Robin
  1926 | D:2      | Reached skill level 5 in Dodging
  1935 | D:2      | Killed Robin
  2206 | D:3      | Found a shimmering altar of Xom.
  2209 | D:3      | Found a hide-covered altar of Uskayaw.
  2212 | D:3      | Noticed an enchanted hand axe
  2212 | D:3      | Noticed a hand axe
  2247 | D:3      | Found a shimmering altar of Xom.
  2247 | D:3      | Found a shimmering altar of Xom.
  2268 | D:3      | Noticed Bopaloobop's ghost (amateur HuFi)
  2277 | D:3      | Killed Bopaloobop's ghost
  2281 | D:3      | Reached XP level 6. HP: 48/56 MP: 5/5
  2333 | D:3      | Found a roughly hewn altar of Beogh.
  2343 | D:3      | Reached skill level 5 in Armour
  2388 | D:3      | Reached skill level 1 in Stealth
  2403 | D:3      | Killed from afar by an orc priest

Skill      XL: |  1  2  3  4  5  6 |
---------------+-------------------+-----
Fighting       | 4 5 |  5.0
Dodging        | 3 4 5 |  5.0
Armour         | 4 5 |  5.1
Stealth        | 1 |  1.0
Unarmed Combat | |  3.2

Action                   |  1- 3 |  4- 6 || total
-------------------------+-------+-------++-------
Melee: Unarmed           |    16 |       ||    16
       Headbutt          |    13 |    20 ||    33
       Short sword       |    28 |       ||    28
       Dagger            |     1 |       ||     1
       Mace              |    36 |    57 ||    93
       Trident           |       |    60 ||    60
 Fire: Hunting sling     |       |    11 ||    11
Throw: Stone             |    58 |    60 ||   118
Invok: Berserk           |       |     1 ||     1
       Trog's Hand       |       |     1 ||     1
  Use: Scroll            |     3 |     6 ||     9
       Potion            |       |     2 ||     2
  Eat: Chunk             |     1 |     5 ||     6
Armor: Animal skin       |     8 |       ||     8
       Plate armour      |    34 |   117 ||   151
Dodge: Dodged            |    52 |    88 ||   140
